 Dungeon Crawl Stone Soup version 0.29-a0-789-g7a8fcbc185 (webtiles) character file.

Game seed: 16595349542633402950

184 bande the Covered (level 5, 0/33 HPs)
             Began as a Gargoyle Fighter on July 2, 2022.
             Slain by a kobold brigand
             ... wielding a +0 short sword
              (2 damage)
             ... in a sewer.
             The game lasted 00:04:36 (2948 turns).

bande the Covered (Gargoyle Fighter)                Turns: 2948, Time: 00:04:37

Health: 0/33       AC: 15    Str: 18    XL:     5   Next: 64%
Magic:  5/5        EV:  7    Int:  8    God:
Gold:   114        SH:  4    Dex: 11    Spells: 4/4 levels left

rFire   . . .      SeeInvis .   a - +0 war axe
rCold   . . .      Faith    .   c - +0 buckler
rNeg    + . .      Spirit   .   i - +0 chain mail
rPois   ∞          Reflect  .   j - +1 helmet
rElec   +          Harm     .   (no cloak)
rCorr   .          Rampage  .   (no gloves)
Will    +....                   (no boots)
Stlth   ..........              (no amulet)
HPRegen 0.11/turn               (no ring)
MPRegen 0.09/turn               (no ring)

@: mighty, very slow
A: sickness immunity, AC +4, negative energy resistance 1, electricity
resistance, torment resistance 1, petrification resistance, hooves 1,
strong-willed 1, weak 1
a: no special abilities


You were in a sewer.
You visited 1 branch of the dungeon, and saw 3 of its levels.
You also visited: Sewer.

You collected 114 gold pieces.

Inventory:

Hand Weapons
 a - a +0 war axe (weapon)
 g - a +0 mace of holy wrath
Armour
 c - a +0 buckler (worn)
 i - a +0 chain mail (worn)
 j - a +1 helmet (worn)
Jewellery
 m - an amulet of magic regeneration
Scrolls
 e - a scroll of enchant armour
Potions
 d - a potion of might
 f - 2 potions of magic


   Skills:
 + Level 4.0 Fighting
 + Level 3.3 Axes
 + Level 4.7 Armour
 + Level 3.9 Shields


You had 4 spell levels left.
You didn't know any spells.
Your spell library contained the following spells:

 Spells                   Type           Power      Damage    Failure   Level
 Sting                    Tmut/Pois      0%         1d3       100%        1
 Poisonous Vapours        Pois/Air       0%         N/A       100%        2
 Olgreb's Toxic Radiance  Pois           0%         N/A       100%        4


Dungeon Overview and Level Annotations

Branches:
Dungeon (3/15)              Sewer (1/1)

Altars:


Innate Abilities, Weirdness & Mutations

You are immune to sickness and miasma.
Your stone body is resilient. (AC +4)
You are immune to poison.
You resist negative energy. (rN+)
You are resistant to electric shocks. (rElec)
You are resistant to unholy torment.
You are immune to petrification.
You have large cloven feet.
You are strong-willed. (Will+)
You are weak. (Str -2)


Message History

The kobold hits you with a +0 short sword.
You block the kobold brigand's attack. The kobold brigand barely misses you.
You feel very mighty all of a sudden. The kobold hits you but does no damage.
The kobold brigand hits you with a +0 short sword.
The kobold brigand hits you but does no damage.
Unknown command.
You hit the kobold brigand. Your kick misses the kobold brigand.
The kobold brigand is heavily wounded.
You hit the kobold.
You kill the kobold!
You hear a splash.
You hit the kobold brigand.
The kobold brigand barely misses you. x3
The kobold brigand hits you but does no damage.
You slash the kobold brigand! Your kick misses the kobold brigand.
The kobold brigand is almost dead.
You slash the kobold!
You kill the kobold!
You hear a splash. x2
You hit the kobold brigand. The kobold brigand barely misses you.
The kobold brigand closely misses you.
Your unstable footing causes you to fumble your attack.
The kobold brigand barely misses you.
The kobold brigand hits you but does no damage.
The kobold splashes around in the water.
The kobold brigand hits you with a +0 short sword.
The kobold brigand hits you with a +0 whip!
* * * LOW HITPOINT WARNING * * *
You slice the kobold brigand!!
The kobold brigand is almost dead.
You barely miss the kobold. You barely miss the kobold brigand.
The kobold brigand closely misses you.
The kobold splashes around in the water.
The kobold brigand hits you with a +0 whip.
* * * LOW HITPOINT WARNING * * *
You slash the kobold brigand!
You kill the kobold brigand!
You barely miss the kobold. You closely miss the kobold brigand.
The kobold brigand hits you with a +0 short sword.
You die...

#.≈≈≈.# ##≈≈≈≈≈##
#.≈≈≈≈≈≈###############
#..≈≈≈≈≈≈≈≈≈≈≈≈≈≈≈≈≈≈≈≈
#..≈≈≈.≈###############
#..≈≈≈.≈# #.≈≈≈≈≈≈#
#.≈≈≈≈≈≈# #.≈≈≈≈@K#
#≈≈≈≈≈K)# #..≈≈≈.≈#
#..≈≈≈..# ####.#### ..
... #...


You could see a kobold brigand and a kobold.

Vanquished Creatures
  A kobold brigand (Sewer)
  A jelly (D:2)
  Jessica (D:2)
  An adder (D:2)
  4 river rats
  A worm (D:3)
  2 dart slugs (D:1)
  5 ball pythons
  10 endoplasms
  2 giant cockroaches (D:3)
  9 goblins
  4 hobgoblins
  4 jackals
  2 quokkas
  A bat (D:1)
  17 kobolds
  11 rats
76 creatures vanquished.

Vanquished Creatures (others)
  2 fungi (D:2)
  10 toadstools (D:2)
12 creatures vanquished.

Grand Total: 88 creatures vanquished

Notes
Turn   | Place    | Note
-------+----------+-------------------------------------------
     0 | D:1      | bande the Gargoyle Fighter began the quest for the Orb.
     0 | D:1      | Reached XP level 1. HP: 14/14 MP: 1/1
   293 | D:1      | Reached XP level 2. HP: 13/19 MP: 2/2
   820 | D:1      | Found a faded altar of an unknown god.
   902 | D:1      | Reached XP level 3. HP: 19/23 MP: 3/3
  1205 | D:2      | Gained mutation: You are strong-willed. (Will+) [potion of
                  | mutation]
  1205 | D:2      | Gained mutation: You are weak. (Str -2) [potion of
                  | mutation]
  1205 | D:2      | Gained mutation: You have large cloven feet. [potion of
                  | mutation]
  1396 | D:2      | Noticed Jessica
  1422 | D:2      | Killed Jessica
  1423 | D:2      | Reached XP level 4. HP: 18/29 MP: 4/4
  2052 | D:2      | Reached XP level 5. HP: 21/33 MP: 5/5
  2478 | D:3      | Found a glowing drain.
  2487 | Sewer    | Entered a sewer
  2924 | Sewer    | Noticed a kobold brigand
  2925 | Sewer    | Noticed a kobold brigand
  2948 | Sewer    | Killed a kobold brigand
  2948 | Sewer    | Slain by a kobold brigand

Illustrated notes

Levels and vault maps discovered:
D:1:      nzn_arrival_crosshair, layout_loops_ring,
          hellmonk_ecumenical_altar_prayer_group
D:2:      cheibrodos_fertilizer, layout_basic, uniq_jessica
D:3:      layout_rooms, gup_sewer_entry_bubbles
Sewer:    sewer_kobolds

Skill      XL: |  1  2  3  4  5 |
---------------+----------------+-----
Axes           | 2 3 |  3.3
Armour         | 4 |  4.7
Fighting       | 4 |  4.0
Shields        | |  3.9

Action                   |  1- 3 |  4- 6 || total
-------------------------+-------+-------++-------
Melee: War axe           |   105 |   115 ||   220
       Kick              |     4 |    17 ||    21
  Use: Scroll            |     6 |     4 ||    10
       Potion            |     1 |     2 ||     3
Armor: Scale mail        |     9 |       ||     9
       Chain mail        |    69 |    87 ||   156
Dodge: Dodged            |    52 |    47 ||    99
Block: Buckler           |    26 |    27 ||    53

Table legend: (Time is in decaauts)
 A = Elapsed time spent in this place.
 B = Non-inter-level travel time spent in this place.
 C = Inter-level travel time spent in this place.
 D = Time resting spent in this place.
 E = Time spent auto-exploring this place.
 F = Levels seen in this place.
 G = Mean time per level.
                   A        B        C        D        E       F      G
               +--------+--------+--------+--------+--------+-----+--------+
         Total |   3076 |   3076 |      0 |    608 |   1745 |   4 |  769.0 |
       Dungeon |   2583 |   2583 |      0 |    247 |   1685 |   3 |  861.0 |
         Sewer |    492 |    492 |      0 |    361 |     60 |   1 |  492.0 |
               +--------+--------+--------+--------+--------+-----+--------+

Top non-repeatable levels by time:
     D:2: 1262 daAuts
     D:1: 1129 daAuts
   Sewer: 492 daAuts
     D:3: 191 daAuts
